 Dungeon Crawl Stone Soup version 0.31-a0-1591-g515db51633 (webtiles) character file.

Game seed: 8837441637982468939

2186 Descartes the Geomancer (level 9, -2/60 (67) HPs)
             Began as a Formicid Earth Elementalist on Jan 6, 2024.
             Was an Initiate of Gozag.
             Slain by a wight
             ... wielding a +0 long sword
              (6 damage)
             ... on level 5 of the Dungeon.
             The game lasted 00:12:04 (6154 turns).

Descartes the Geomancer (FoEE)                      Turns: 6154, Time: 00:12:05

HP:   -2/60 (67)    AC:  4    Str: 16    XL:     9   Next: 59%
MP:   15/16         EV: 12    Int: 16    God:    Gozag
Gold: 130           SH:  0    Dex: 14    Spells: 17/18 levels left

rFire   . . .        r - +2 mace (protect)
rCold   + . .        (no shield)
rNeg    . . .        h - +0 leather armour
rPois   .            (helmet unavailable)
rElec   .            B - +0 cloak
rCorr   +            (no gloves)
SInv    +            (no boots)
Will    .....        (no amulet)
Stlth   +++          l - ring of protection from cold
HPRegen 0.30/turn    a - ring of resist corrosion
MPRegen 0.15/turn

%: no passive effects
@: heavily drained
A: permanent stasis, dig shafts and tunnels, antennae 3, four strong arms
a: Dig, Shaft Self, Renounce Religion, Potion Petition, Call Merchant, Bribe
Branch


You were on level 5 of the Dungeon.
You worshipped Gozag.
Gozag was aware of your devotion.
You visited 2 branches of the dungeon, and saw 7 of its levels.

You collected 543 gold pieces.
You paid 413 gold pieces to Gozag.

Inventory:

Hand Weapons
 r - a +2 mace of protection (weapon)
Missiles
 c - 21 poisoned darts
 p - 5 boomerangs
 u - a throwing net
Armour
 h - a +0 leather armour (worn)
 B - a +0 cloak (worn)
Jewellery
 a - a ring of resist corrosion (right hand)
 l - a ring of protection from cold (left hand)
Wands
 x - a wand of charming (3)
Scrolls
 d - 2 scrolls of revelation {unknown}
 f - 12 scrolls of identify {unknown}
 g - 3 scrolls of poison {unknown}
 i - 5 scrolls of teleportation {unknown}
 j - a scroll of enchant weapon {unknown}
 q - 3 scrolls of immolation {unknown}
 t - a scroll of blinking {unknown}
 y - a scroll of noise {unknown}
Potions
 b - a potion of magic
 e - a potion of lignification {unknown}
 k - a potion of might {unknown}
 m - a potion of invisibility {unknown}
 n - 2 potions of haste {unknown}
 o - 2 potions of enlightenment {unknown}
 s - 2 potions of ambrosia {unknown}
 v - a potion of attraction {unknown}
 w - a potion of mutation {unknown}
 z - a potion of heal wounds {unknown}
 A - a potion of curing {unknown}
 C - a potion of resistance {unknown}


   Skills:
 + Level 4.9 Fighting
 + Level 4.9 Armour
 - Level 1.7 Dodging
 + Level 6.5 Stealth
 - Level 5.0 Spellcasting
 - Level 0.8 Conjurations
 - Level 10.0 Earth Magic


You had 17 spell levels left.
You knew the following spells:

 Your Spells              Type           Power      Damage    Failure   Level
a - Sandblast             Erth           72%        2d16      1%          1

Your spell library contained the following spells:

 Spells                   Type           Power      Damage    Failure   Level
 Passwall                 Erth           36%        N/A       1%          3
 Stone Arrow              Conj/Erth      42%        3d9       6%          3
 Brom's Barrelling Bould  Conj/Erth      21%        2d4       19%         4
 Petrify                  Alch/Erth      20%        N/A       22%         4
 Call Imp                 Summ           8%         N/A       26%         2
 Sublimation of Blood     Necr           4%         N/A       26%         2
 Volatile Blastmotes      Fire/Tloc      8%         2d10      47%         3
 Fulminant Prism          Conj/Alch      2%         3d5       83%         4
 Iskenderun's Mystic Bla  Conj/Tloc      5%         2d3       83%         4
 Summon Hydra             Summ           2%         N/A       100%        7


Dungeon Overview and Level Annotations

Branches:
Dungeon (6/15)             Temple (1/1) D:5

Altars:
Ashenzari
Cheibriados
Dithmenos
Elyvilon
Gozag
Makhleb
Nemelex Xobeh
Okawaru
Qazlal
Ru
Sif Muna
Trog
Uskayaw
Vehumet
Wu Jian
Xom
Zin
The Shining One

Shops:
D:3 *   D:5 (


Innate Abilities, Weirdness & Mutations

You cannot be hasted, slowed, berserked, paralysed or teleported.
You can dig through walls and to a lower floor.
You have a pair of large antennae on your head. (SInv)
Your four strong arms can wield two-handed weapons with a shield.


Message History

The wight hits you with a +0 long sword!
* * * LOW HITPOINT WARNING * * *
The gnoll sergeant hits you from afar with a +0 trident.
* * * LOW HITPOINT WARNING * * *
The wight attacks as it pursues you!
The wight completely misses you. [a] - 325 gold - might, brilliance and heal wounds [b] - 513 gold - heal wounds, resistance and might [c] - 299 gold - heal wounds and magic Purchase which effect?
You no longer have enough gold to petition Gozag for potion effects.
You feel much better. Magic courses through your body. The wight misses you.
The gnoll sergeant hits you from afar with a +0 trident!
* * * LOW HITPOINT WARNING * * *
You enter the shallow water.
Moving in this stuff is going to be slow.
The wight attacks as it pursues you!
The wight hits you with a +0 long sword!
* * * LOW HITPOINT WARNING * * *
You feel drained.
* * * LOW HITPOINT WARNING * * *
The gnoll sergeant attacks as it pursues you!
The gnoll sergeant closely misses you.
You enter the shallow water.
Moving in this stuff is going to be slow.
The wight barely misses you.
There is a stone staircase leading up, spattered with blood here.
The wight hits you with a +0 long sword.
* * * LOW HITPOINT WARNING * * *
You climb upwards.
There is a stone staircase leading down, spattered with blood here.
Casting: Sandblast (safe; 1% risk of failure)
Confirm with . or Enter, or press ? or * to list all spells.
Aiming: Sandblast (safe; 1% risk of failure)
Press: ? - help, Shift-Dir - straight line, f - wight
Aim: a wight, wielding a +0 long sword and wearing a +0 scale mail (moderately damaged, 86% to hit)
The blast of sand hits the wight.
The wight is severely damaged.
The wight hits you with a +0 long sword.
You die...
Your body crumbles into a pile of gold.

##..............
#....######.....
##.##.# #.....
##..##.# #.....
#...##.# #....∩
#.#.##.######.....
#...##......######
#z#####.###.#
#@).###.# #.#
###.....# #.#
##.##.# #)######
#.##.######....
###......).......
#.........###....
#.####.##.# ##+##
#.####....# #...
#.##...##.####.##


You could see a wight.

Vanquished Creatures
  Grinder (D:5)
  Prince Ribbit (D:6)
  Menkaure (D:4)
  A water moccasin (D:6)
  2 black bears (D:6)
  An ice beast (D:5)
  An ogre (D:5)
  2 scorpions
  3 hounds
  4 bombardier beetles
  A jelly (D:5)
  5 orc priests
  3 iguanas
  2 sleepcaps
  7 orc wizards
  Robin (D:2)
  19 gnolls
  10 adders
  A shadow imp (D:5)
  2 ribbon worms
  14 orcs
  3 endoplasms
  6 giant cockroaches
  18 goblins
  12 hobgoblins
  2 jackals (D:1)
  8 kobolds
  3 quokkas
  4 ball pythons
  9 bats
  3 frilled lizards
  8 rats
158 creatures vanquished.

Vanquished Creatures (others)
  A butterfly (D:4)
1 creature vanquished.

Grand Total: 159 creatures vanquished

Notes
Turn   | Place    | Note
-------+----------+-------------------------------------------
     0 | D:1      | Descartes the Formicid Earth Elementalist began the quest
                  | for the Orb.
     0 | D:1      | Reached XP level 1. HP: 13/13 MP: 3/3
    34 | D:1      | Reached skill level 4 in Earth Magic
    97 | D:1      | Reached XP level 2. HP: 8/19 MP: 5/5
   553 | D:1      | Reached skill level 5 in Earth Magic
   553 | D:1      | Reached XP level 3. HP: 24/24 MP: 3/6
  1377 | D:2      | Reached XP level 4. HP: 30/30 MP: 4/7
  1417 | D:2      | Noticed Robin
  1810 | D:2      | Reached skill level 6 in Earth Magic
  1823 | D:2      | Killed Robin
  1949 | D:2      | Found a burning altar of Makhleb.
  2085 | D:3      | Reached XP level 5. HP: 35/35 MP: 3/8
  2183 | D:3      | Reached skill level 7 in Earth Magic
  2325 | D:3      | Found Tusaku's Assorted Antiques.
  2399 | D:3      | Reached XP level 6. HP: 40/41 MP: 2/9
  2550 | D:3      | Found a faded altar of an unknown god.
  2654 | D:3      | Reached skill level 8 in Earth Magic
  3230 | D:4      | Reached XP level 7. HP: 42/46 MP: 0/10
  3388 | D:4      | Reached skill level 9 in Earth Magic
  3450 | D:4      | Found a sacrificial altar of Ru.
  3518 | D:4      | Found an ornate altar of the Wu Jian Council.
  3854 | D:4      | Noticed Menkaure
  3879 | D:4      | Killed Menkaure
  3880 | D:4      | Reached skill level 10 in Earth Magic
  3940 | D:4      | Found a white marble altar of Elyvilon.
  4252 | D:5      | Entered Level 5 of the Dungeon
  4254 | D:5      | Reached skill level 1 in Armour
  4259 | D:5      | Reached skill level 1 in Fighting
  4259 | D:5      | Reached XP level 8. HP: 52/54 MP: 6/11
  4686 | D:5      | Noticed Grinder
  4692 | D:5      | Killed Grinder
  4964 | D:5      | Found a staircase to the Ecumenical Temple.
  4976 | Temple   | Entered the Ecumenical Temple
  4981 | Temple   | Became a worshipper of Gozag Ym Sagoz the Greedy
  5012 | D:5      | Reached skill level 5 in Stealth
  5170 | D:5      | Found a glowing silver altar of Zin.
  5365 | D:5      | Found a sparkling altar of Nemelex Xobeh.
  5373 | D:5      | Reached XP level 9. HP: 32/64 MP: 9/15
  5525 | D:5      | Found Mamicwur's Weapon Emporium.
  5569 | D:6      | Noticed Prince Ribbit
  5824 | D:6      | Killed Prince Ribbit
  5928 | D:6      | Found an iron altar of Okawaru.
  6018 | D:6      | Reached skill level 5 in Spellcasting
  6130 | D:6      | Found the +11 Singing Sword {sonic wave}
  6152 | D:6      | HP: 3/60 [wight/+0 long sword (6)]
  6154 | D:5      | Slain by a wight

Illustrated notes

Levels and vault maps discovered:
D:1:      wander_arrival_peaceful_grave, layout_loops_corners
D:2:      layout_rooms, basic_altar, nicolae_twisty_statue_hallways, uniq_robin
D:3:      layout_basic, serial_forest, infiniplex_forest_straight_3,
          infiniplex_forest_clump_tiny, infiniplex_forest_clump_small,
          infiniplex_forest_clump_curved, infiniplex_forest_lined_room_,
          infiniplex_forest_end_1, serial_shops, shop,
          ebering_ecumenical_altar_sacrificial
D:4:      nicolae_cairo_tiling_large, layout_loops_ring,
          nicolae_elyvilon_peaceful_grove, nicolae_wu_jian_immortal_techniques,
          nicolae_ru_great_annihilating_truth, uniq_menkaure
D:5:      layout_basic, nemelex_dance_club_becter, mainiacjoe_overflow_catwalk,
          minmay_temple_entry_statues_pillars, serial_shops, shop, uniq_grinder
D:6:      layout_basic, okawaru_metal_pillars_1_2, kennysheep_decorative_pillar,
          sword_in_stone, uniq_prince_ribbit1, uniq_edmund
Temple:   minmay_freezing_vapour_temple

Skill      XL: |  1  2  3  4  5  6  7  8  9 |
---------------+----------------------------+-----
Earth Magic    | 4 5 6 7 8 10 | 10.0
Armour         | 1 3 4 |  4.9
Fighting       | 1 3 4 |  4.9
Stealth        | 3 5 6 |  6.5
Spellcasting   | 4 5 |  5.0
Dodging        | |  1.7
Conjurations   | |  0.8

Action                     |  1- 3 |  4- 6 |  7- 9 || total
---------------------------+-------+-------+-------++-------
  Melee: Unarmed           |    29 |       |       ||    29
         Dagger            |       |     3 |       ||     3
         Mace              |       |       |    12 ||    12
   Cast: Sandblast         |    44 |    86 |   154 ||   284
 Invoke: Potion Petition   |       |       |     1 ||     1
 Armour: Robe              |    27 |       |       ||    27
         Leather armour    |       |    32 |    98 ||   130
  Dodge: Dodged            |    41 |    25 |    70 ||   136

Table legend: (Time is in decaauts)
 A = Elapsed time spent in this place.
 B = Non-inter-level travel time spent in this place.
 C = Inter-level travel time spent in this place.
 D = Time resting spent in this place.
 E = Time spent auto-exploring this place.
 F = Levels seen in this place.
 G = Mean time per level.
                   A        B        C        D        E       F      G
               +--------+--------+--------+--------+--------+-----+--------+
         Total |   6307 |   6124 |    183 |      0 |   5056 |   7 |  901.0 |
       Dungeon |   6296 |   6113 |    183 |      0 |   5056 |   6 | 1049.3 |
        Temple |     10 |     10 |      0 |      0 |      0 |   1 |   10.0 |
               +--------+--------+--------+--------+--------+-----+--------+

Top non-repeatable levels by time:
     D:5: 1578 daAuts
     D:1: 1309 daAuts
     D:4: 1236 daAuts
     D:3: 988 daAuts
     D:2: 803 daAuts
     D:6: 380 daAuts
  Temple: 10 daAuts
